 Dungeon Crawl Stone Soup version 0.16.1-4-g8e1b745 (console) character file.

24 gw the Charlatan (level 2, -1/16 HPs)
             Began as a Deep Elf Artificer on Mar 28, 2015.
             Slain by an adder (5 damage)
             ... on level 2 of the Dungeon.
             The game lasted 00:00:40 (273 turns).

gw the Charlatan (Deep Elf Artificer)                Turns: 273, Time: 00:00:40

Health: -1/16      AC:  3    Str:  8    XL:     2   Next: 79%
Magic:  5/5        EV: 12    Int: 16    God:
Gold:   9          SH:  0    Dex: 15    Spells: 0 memorised, 1 level left

rFire  . . .     SeeInvis .     a - +0 short sword
rCold  . . .     Clarity  .     e - +0 leather armour
rNeg   . . .     SustAb   .     (no shield)
rPois  .         Gourm    .     (no helmet)
rElec  .         Spirit   .     (no cloak)
rCorr  .         Warding  .     (no gloves)
rMut   .         Stasis   .     (no boots)
MR     .....                    (no amulet)
Stlth  ++........               (no ring)
                                (no ring)

@: not resistant to hostile enchantments, unstealthy
A: no striking features
a: no special abilities


You were on level 2 of the Dungeon.
You were not hungry.

You visited 1 branch of the dungeon, and saw 2 of its levels.

You collected 9 gold pieces.

Inventory:

Hand weapons
 a - a +0 short sword (weapon)
Armour
 e - a +0 leather armour (worn)
Magical devices
 b - a wand of flame (10)
 c - a wand of enslavement (14)
 d - a wand of random effects (11)
Scrolls
 g - a scroll of remove curse {unknown}
Potions
 h - a potion of curing {unknown}
Comestibles
 f - a bread ration


   Skills:
 + Level 1.0 Fighting
 * Level 2.2 Short Blades
 + Level 2.9 Dodging
 - Level 1.2 Stealth
 - Level 3.2 Evocations


You had one spell level left.
You didn't know any spells.

Dungeon Overview and Level Annotations

Branches:
Dungeon (2/15)

Altars:


Message History

The quokka is drained!
You kill the quokka!
This wand has 12 charges left.
Unknown command.
Unknown command.
Unknown command.
Unknown command.
You start resting.
The adder is no longer charmed.
The adder bites you but does no damage. The adder completely misses you.
Unknown command.
Unknown command.
Unknown command.
Evoke which item? (* to show all) (? for menu, Esc to quit)
Zapping:
d - a wand of random effects (12)
Press: ? - help, Shift-Dir - straight line, f - adder
Aim: an adder The adder seems to slow down.
This wand has 11 charges left.
The adder bites you.
You die...

.....### .. ##........##
.#.##...........
.......<.. .....
.........# ....
.....)...# #..#
..........# #..#
#..###..##########
##...eS..........#
..#.####%.##...........#
#........###....[......#
##...###..###..........#
#.....%^...##..........#
.....####..########..<#
...S ##....## ##...##
### ####..###.%...#
##..##.....#


You could see an adder.

Table legend:
 A = Turns spent in this place as a percentage of turns spent in the entire game.
 B = Non-inter-level travel turns spent in this place as a percentage of non-inter-level travel turns spent in the entire game.
 C = Inter-level travel turns spent in this place as a percentage of turns spent in this place.
 D = Turns resting spent in this place as a percentage of non-inter-level travel turns spent in this place.
 E = Turns spent auto-exploring this place as a percentage of non-inter-level travel turns spent in this place.
 F = Non-inter-level travel turns spent in this place divided by the number of levels of this place that you've seen.
                   A       B       C       D       E      F
               +-------+-------+-------+-------+-------+----------------------
         Total | 100.0 | 100.0 |   2.4 |   2.1 |   2.3 | 433.0
       Dungeon | 100.0 | 100.0 |   2.4 |   2.1 |   2.3 | 433.0
               +-------+-------+-------+-------+-------+----------------------

Table legend:
 A = Kills in this place as a percentage of kills in entire the game.
 B = Kills by you in this place as a percentage of kills by you in the entire game.
 C = Kills by friends in this place as a percentage of kills by friends in the entire game.
 D = Other kills in this place as a percentage of other kills in the entire game.
 E = Experience gained in this place as a percentage of experience gained in the entire game.
 F = Experience gained in this place divided by the number of levels of this place that you have seen.
                   A       B       C       D       E      F
               +-------+-------+-------+-------+-------+----------------------
         Total | 100.0 | 100.0 |  -nan |  -nan | 100.0 |  17.5
       Dungeon | 100.0 | 100.0 |  -nan |  -nan | 100.0 |  17.5
               +-------+-------+-------+-------+-------+----------------------

Vanquished Creatures
  An adder (D:2)
  A worm (D:2)
  4 bats
  A giant newt (D:2)
  2 goblins
  A kobold (D:2)
  A quokka (D:2)
  2 rats
13 creatures vanquished.

Notes
Turn   | Place    | Note
--------------------------------------------------------------
     0 | D:1      | gw, the Deep Elf Artificer, began the quest for the Orb.
     0 | D:1      | Reached XP level 1. HP: 11/11 MP: 2/2
    36 | D:1      | Reached skill level 1 in Fighting
   169 | D:2      | Reached XP level 2. HP: 16/16 MP: 5/5
   273 | D:2      | Slain by an adder

Action                   || total
-------------------------++-------
Melee: Short sword       ||    26
Evoke: Wand              ||    10
 Stab: Sleeping          ||     1

Vault maps used:
D:1:      grunt_arrival_crossed_arrows, minivault_19
D:2:      uniq_sigmund
